 Dungeon Crawl Stone Soup version 0.24.0-125-gc4c63601f3 (webtiles) character file.

Game seed: 11416254841996949485, levelgen mode: deterministic

252 LraC the Slinger (level 6, -3/41 HPs)
             Began as a Halfling Hunter on Mar 10, 2020.
             Slain by a sky beast (6 damage)
             ... on level 4 of the Dungeon.
             The game lasted 00:14:33 (2683 turns).

LraC the Slinger (Halfling Hunter)                  Turns: 2683, Time: 00:14:34

Health: -3/41      AC:  3    Str: 17 (18) XL:     6   Next: 36%
Magic:  6/6        EV: 20    Int:  9 (10) God:
Gold:   141        SH:  0    Dex: 19 (21) Spells: 5/5 levels left

rFire    . . .     SeeInvis .   a - +1 hunting sling
rCold    . . .     Gourm    .   (shield restricted)
rNeg     + . .     Faith    .   c - +0 leather armour
rPois    .         Spirit   .   (no helmet)
rElec    .         Reflect  .   (no cloak)
rCorr    .         Harm     .   (no gloves)
MR       .....                  (no boots)
Stlth    +++.......             (no amulet)
HPRegen  0.13/turn              g - ring of positive energy
MPRegen  0.10/turn              k - +5 ring of strength

@: agile, hasted, very quick
A: small, mutation resistance 1
a: no special abilities


You were on level 4 of the Dungeon.
You were not hungry.

You visited 1 branch of the dungeon, and saw 4 of its levels.

You collected 141 gold pieces.

Inventory:

Hand Weapons
 a - a +1 hunting sling (weapon)
 b - a +0 short sword
 o - a +0 hunting sling
Missiles
 d - 25 sling bullets (quivered)
 e - 143 stones
 j - 15 poisoned darts
Armour
 c - a +0 leather armour (worn)
 l - a +0 animal skin
Jewellery
 g - a ring of positive energy (left hand)
 k - a +5 ring of strength (right hand)
Scrolls
 h - a scroll of fear
 m - 2 scrolls of teleportation
 n - a scroll of blinking
Potions
 p - a potion of haste
Comestibles
 f - 5 rations


   Skills:
 + Level 2.8 Fighting
 + Level 9.2 Slings
 + Level 1.7 Armour
 + Level 2.2 Dodging
 + Level 1.3 Stealth


You had 5 spell levels left.
You didn't know any spells.
Your spell library was empty.

Dungeon Overview and Level Annotations

Branches:
Dungeon (4/15)
 Temple: D:4-7

Altars:


Innate Abilities, Weirdness & Mutations

You are small and have problems with some larger weapons.
You are somewhat resistant to further mutation.


Message History

You kill the gnoll!
Firing (i - inventory. (/) - cycle)
d - 28 sling bullets (quivered)
Press: ? - help, Shift-Dir - straight line, f - gnoll
Aim: a gnoll, wielding a +0 spear You shoot a sling bullet.
The sling bullet hits the gnoll!
You kill the gnoll!
You clumsily bash something but do no damage.
Something hits you.
* * * LOW HITPOINT WARNING * * *
Something shocks you.
* * * LOW HITPOINT WARNING * * *
Firing (i - inventory. (/) - cycle)
d - 27 sling bullets (quivered)
Press: ? - help, Shift-Dir - straight line You shoot a sling bullet.
Firing (i - inventory. (/) - cycle)
d - 26 sling bullets (quivered)
Press: ? - help, Shift-Dir - straight line You shoot a sling bullet.
Something hits you.
* * * LOW HITPOINT WARNING * * *
Something shocks you.
You die...

#....(...#
#....>...#
....(...#
....(.. .....
.(( #)#
#############
#@#
............#
#.#
###########.#
#.# ....# #.#
#.# ###.# #.#
#.# #.# #.#
#.# #.# #.#
#.# #.# #.#
#.#
#.#######.#
#.#


There were no monsters in sight!

Vanquished Creatures
  An orc wizard (D:3)
  A hound skeleton (D:4)
  Robin (D:2)
  6 gnolls
  4 adders (D:2)
  An ooze (D:3)
  2 adder skeletons (D:4)
  A worm (D:2)
  3 dart slugs
  5 leopard geckos
  8 orcs (D:3)
  7 bats
  2 giant cockroaches
  15 goblins
  7 hobgoblins
  2 quokkas
  A ball python (D:3)
  4 frilled lizards
  4 kobolds
  6 rats
81 creatures vanquished.

Notes
Turn   | Place    | Note
-------+----------+-------------------------------------------
     0 | D:1      | LraC the Halfling Hunter began the quest for the Orb.
     0 | D:1      | Reached XP level 1. HP: 14/14 MP: 1/1
    41 | D:1      | Reached skill level 6 in Slings
    91 | D:1      | Reached XP level 2. HP: 19/19 MP: 2/2
   318 | D:1      | Reached XP level 3. HP: 23/24 MP: 3/3
   357 | D:1      | Reached skill level 7 in Slings
  1224 | D:2      | Reached XP level 4. HP: 29/29 MP: 4/4
  1356 | D:2      | Reached skill level 1 in Armour
  1643 | D:2      | Noticed Robin
  1649 | D:2      | Killed Robin
  1649 | D:2      | Reached XP level 5. HP: 35/35 MP: 5/5
  1730 | D:2      | Reached skill level 8 in Slings
  2263 | D:3      | Reached XP level 6. HP: 38/41 MP: 6/6
  2661 | D:4      | Noticed a sky beast
  2676 | D:4      | Reached skill level 9 in Slings
  2683 | D:4      | Slain by a sky beast

Levels and vault maps discovered:
D:1:      kennysheep_arrival_forest, layout_basic
D:2:      minmay_general_purpose_star, layout_loops_cross, minmay_pentomino_w4,
          uniq_robin
D:3:      minmay_recursive_quarters, layout_basic
D:4:      layout_basic, xom_teletrap_fun

Skill      XL: |  1  2  3  4  5  6 |
---------------+-------------------+-----
Slings         | 6 7 8 9 |  9.2
Fighting       | 2 |  2.8
Armour         | 1 |  1.7
Dodging        | |  2.2
Stealth        | |  1.3

Action                   |  1- 3 |  4- 6 || total
-------------------------+-------+-------++-------
Melee: Hunting sling     |       |     1 ||     1
 Fire: Hunting sling     |    64 |   168 ||   232
  Use: Potion            |     4 |     7 ||    11
       Scroll            |     3 |     6 ||     9
  Eat: Ration            |     1 |     1 ||     2
Armor: Leather armour    |     2 |     7 ||     9
Dodge: Dodged            |    12 |    31 ||    43
